 Dungeon Crawl Stone Soup version 0.21.0-3-g78d12a8 (webtiles) character file.

305555 sollaires the Executioner (level 20, -2/190 HPs)
             Began as a Deep Dwarf Fighter on Jan 10, 2018.
             Was the Champion of Makhleb.
             Killed by the raging water
             ... invoked by a water nymph
              (29 damage)
             ... on level 1 of the Shoals.
             The game lasted 03:46:30 (30414 turns).

sollaires the Executioner (Deep Dwarf Fighter)     Turns: 30414, Time: 03:46:30

Health: -2/190     AC: 29    Str: 23    XL:     20   Next: 62%
Magic:  6/6        EV: 10    Int: 13    God:    Makhleb [******]
Gold:   612        SH:  3    Dex: 16    Spells: 8/24 levels left

rFire    + + +     SeeInvis .   c - +6 executioner's axe (flame)
rCold    + + +     Gourm    .   (shield currently unavailable)
rNeg     + + +     Faith    .   Z - +6 plate armour {rF+}
rPois    +         Spirit   .   s - +2 hat of Qeocerchum {rElec rF++}
rElec    +         Reflect  +   P - scarf {rC+ rF+}
rCorr    .         Harm     .   U - +0 pair of gloves
MR       +++..                  l - +1 pair of boots "Onyap" {rN+ Int+2 Slay+2}
Stlth    ..........             Y - +3 amulet of reflection
HPRegen  0.00/turn              X - ring of poison resistance {rPois, !d}
MPRegen  0.10/turn              R - ring "Son Vanee" {*Contam rF+ rC+++ rN+ Dex+2}

@: lethally poisoned (-2 -> -7), non-regenerating, very slow
A: damage resistance, heal wounds, clumsy 1, negative energy resistance 1, sense
surroundings 3, no regeneration
}: 1/15 runes: serpentine
a: Heal Wounds, Minor Destruction, Lesser Servant of Makhleb, Major Destruction,
Greater Servant of Makhleb, Renounce Religion


You were on level 1 of the Shoals.
You worshipped Makhleb.
Makhleb was exalted by your worship.
You were not hungry.

You visited 8 branches of the dungeon, and saw 35 of its levels.
You visited 2 bazaars.
You also visited: Labyrinth, Ossuary, Ice Cave and Volcano.

You collected 3881 gold pieces.
You spent 3269 gold pieces at shops.

Inventory:

Hand Weapons
 a - a +4 vampiric war axe {!w}
   (You found it on level 5 of the Dungeon)
 b - a +6 battleaxe of freezing
   (You found it in a volcano)
 c - a +6 executioner's axe of flaming (weapon)
   (You subdued it on level 2 of the Elven Halls)
Armour
 l - the +1 pair of boots "Onyap" (worn) {rN+ Int+2 Slay+2}
   (You acquired it on level 14 of the Dungeon)

   It affects your intelligence (+2).
   It affects your accuracy and damage with ranged weapons and melee attacks
   (+2).
   It protects you from negative energy.
 s - the +2 hat of Qeocerchum (worn) {rElec rF++}
   (You found it on level 9 of the Dungeon)

   It greatly protects you from fire.
   It insulates you from electricity.
 w - a +1 shield of positive energy
   (You found it on level 4 of the Snake Pit)
 P - a scarf of resistance (worn)
   (You found it on level 13 of the Dungeon)
 U - a +0 pair of gloves (worn)
   (You found it on level 13 of the Dungeon)
 Z - a +6 plate armour of fire resistance (worn)
   (You found it in a volcano)
Jewellery
 g - an uncursed ring of protection from magic {MR+, !d}
   (You found it on level 1 of the Snake Pit)
 O - an uncursed ring of protection from magic {MR+, !d}
   (You found it on level 9 of the Dungeon)
 R - the ring "Son Vanee" (right hand) {*Contam rF+ rC+++ rN+ Dex+2}
   (You found it in a labyrinth)

   [ring of positive energy]

   It affects your dexterity (+2).
   It protects you from fire.
   It renders you almost immune to cold.
   It protects you from negative energy.
   It causes magical contamination when unequipped.
 V - the ring "Wuitsis" {+Inv rF+ Str+8 Dex-4 Stlth+}
   (You found it in a labyrinth)

   [ring of stealth]

   It affects your strength (+8).
   It affects your dexterity (-4).
   It protects you from fire.
   It lets you turn invisible.
   It makes you more stealthy.
 X - a ring of poison resistance (left hand) {rPois, !d}
   (You bought it in a shop in a bazaar)
 Y - a +3 amulet of reflection (around neck)
   (You bought it in a shop in a bazaar)
Wands
 u - a wand of polymorph (20)
   (You found it on level 2 of the Snake Pit)
 B - a wand of paralysis (25)
   (You found it on level 6 of the Lair of Beasts)
 C - a wand of digging (21)
   (You found it on level 4 of the Dungeon)
 K - a wand of disintegration (21) {@e1}
   (You found it on level 15 of the Dungeon)
 S - a wand of enslavement (30)
   (You found it on level 1 of the Lair of Beasts)
Scrolls
 e - 9 scrolls of amnesia
 j - 22 scrolls of remove curse
 k - 12 scrolls of teleportation
 r - 4 scrolls of fear
 t - 2 scrolls of torment {unknown}
 x - 2 scrolls of blinking {!r}
 y - 7 scrolls of identify
 A - 4 scrolls of fog
 D - 2 scrolls of magic mapping {!r}
 E - a scroll of silence
 H - 4 scrolls of immolation {!r}
 Q - a scroll of holy word {!r}
Potions
 d - 5 potions of might
 i - 5 potions of flight
 m - 3 potions of heal wounds
 n - 9 potions of curing
 p - 5 potions of berserk rage {!q}
 q - 6 potions of mutation {!q}
 v - 4 potions of agility
 z - 2 potions of invisibility
 F - 4 potions of haste
 J - 4 potions of cancellation
 L - 2 potions of magic
 N - 2 potions of resistance
 T - a potion of lignification {!q}
Miscellaneous
 h - a lamp of fire
   (You found it on level 1 of the Vaults)
 W - a lightning rod (4/4)
   (You found it on level 3 of the Lair of Beasts)
Comestibles
 f - 36 rations {@e1}


   Skills:
 - Level 14.2 Fighting
 * Level 21.5 Axes
   Level 0.2(13.6) Maces & Flails
 - Level 15.5 Armour
 - Level 3.8 Dodging
 - Level 15.0 Shields
 - Level 2.8 Spellcasting
 - Level 3.1 Charms
 - Level 13.3 Translocations
 - Level 3.2 Transmutations
 - Level 11.8 Invocations
 - Level 14.7 Evocations


You had 8 spell levels left.
You knew the following spells:

 Your Spells              Type           Power        Failure   Level  Hunger
a - Infusion              Chrm           #...         45%         1    #......
b - Blink                 Tloc           N/A          1%          2    ###....
c - Beastly Appendage     Tmut           ##....       45%         1    #......
s - Shroud of Golubria    Chrm/Tloc      ###.......   10%         2    ###....
B - Controlled Blink      Tloc           N/A          100%        8    #######
S - Song of Slaying       Chrm           #.......     61%         2    ###....


Dungeon Overview and Level Annotations

Branches:
Dungeon (15/15)            Temple (1/1) D:6            Lair (6/6) D:8
 Shoals (1/4) Lair:3        Snake (4/4) Lair:3        Slime (0/5) Lair:5
    Orc (2/2) D:11            Elf (2/3) Orc:2        Vaults (4/5) D:14
  Crypt (0/3) Vaults:2     Depths (0/5) D:15

Altars:
Ashenzari
Cheibriados
Dithmenos
Elyvilon
Fedhas
Gozag
Hepliaklqana
Kikubaaqudgha
Makhleb
Nemelex Xobeh
Okawaru
Qazlal
Ru
Sif Muna
Trog
Uskayaw
Vehumet
Wu Jian
Xom
Yredelemnul
Zin
The Shining One
Beogh
Jiyva

Shops:
Orc:2 }*}[*   Elf:1 (   Snake:1 ?   Snake:2 *   Snake:4 =(   Vaults:3 *!
Vaults:4 !

Annotations:
D:3 2 transporters
Lair:5 1 runed door
Shoals:1 Aizul
Snake:2 exclusion: oklob plant
Vaults:2 Mennas


Innate Abilities, Weirdness & Mutations

You are resistant to damage.
You can heal yourself by infusing magical energy.
You resist negative energy. (rN+)
You passively map a large area around you.
You do not regenerate.
You are clumsy. (Dex -2)


Message History

(? for menu, Esc to cancel) < or
V - the ring "Wuitsis" {+Inv rF+ Str+8 Dex-4 Stlth+} > or
R - the ring "Son Vanee" {*Contam rF+ rC+++ rN+ Dex+2} You remove the ring "Wuitsis" {+Inv rF+ Str+8 Dex-4 Stlth+}.
You feel sick. Aizul casts a spell at you. The bolt of poison hits you!
You are more poisoned.
* * * LOW HITPOINT WARNING * * *
The water elemental hits you!
* * * LOW HITPOINT WARNING * * *
The merfolk javelineer throws a javelin.
The javelin hits you!
* * * LOW HITPOINT WARNING * * *
You hear a splash.
X - a ring of poison resistance (left hand) {rPois, !d}
* * * LOW HITPOINT WARNING * * *
You feel very sick.
The wind drake bites you but does no damage.
Aizul hits you but does no damage. The water nymph casts a spell at you.
The water swirls and strikes you!
* * * LOW HITPOINT WARNING * * *
You take 42 damage, and have 26/190 hp.
MASSIVE DAMAGE!!
Okay, then.
You feel much better.
You feel very sick. Aizul hits you.
* * * LOW HITPOINT WARNING * * *
You block the wind drake's attack. You block the water elemental's attack.
The merfolk javelineer throws a javelin.
The javelin barely misses you.
The wind drake deflects the javelin!
The water nymph casts a spell at you. The water swirls and strikes you!
You regained 17 hp, and now have 43/190 hp.
You feel better. You block Aizul's attack. The merfolk completely misses you.
The wind drake closely misses you. The water elemental closely misses you.
The merfolk javelineer throws a javelin.
You reflect the javelin off an invisible shield around you!
The javelin hits the merfolk javelineer!!
Aizul hits you but does no damage. The water nymph touches you.
The water nymph drowns you!
* * * LOW HITPOINT WARNING * * *
You take 1 damage, and have 42/190 hp.
You feel much better.
The wind drake exhales a fierce blast of wind!
You are blown backwards!
The monsters around you are blown away!
The merfolk javelineer throws a javelin.
The javelin hits you.
The merfolk hits you but does no damage.
A hippogriff comes into view.
You regained 13 hp, and now have 55/190 hp.
The hippogriff screeches!
You slice the water elemental!! You burn the water elemental.
You slash the merfolk javelineer! You burn the merfolk javelineer.
The merfolk javelineer throws a javelin.
You reflect the javelin off an invisible shield around you!
The javelin hits the merfolk javelineer!
The merfolk hits you but does no damage.
You barely miss the merfolk javelineer. You hit Aizul. You burn Aizul.
The wind drake flaps its wings at you. The air twists around and strikes you!
The merfolk javelineer throws a javelin.
The javelin hits you!
* * * LOW HITPOINT WARNING * * *
You take 16 damage, and have 39/190 hp.
You feel much better. Aizul hits you but does no damage.
The merfolk hits you from afar with a trident.
Aizul coils herself and waves her upper body at you.
The bolt of poison hits you!
You are poisoned.
You resist.
The merfolk javelineer throws a javelin.
The javelin hits you but does no damage.
You regained 19 hp, and now have 58/190 hp.
Your magical essence is drained by the effort!
You feel much better.
You feel sick. Aizul casts a spell at you. The poison arrow hits you!
You are more poisoned.
You partially resist. The water elemental hits you.
The merfolk hits you from afar with a trident.
* * * LOW HITPOINT WARNING * * *
The water nymph touches you. The water nymph drowns you!
* * * LOW HITPOINT WARNING * * *
Splash!
You fall into the shallow water.
Moving in this stuff is going to be slow.
The merfolk javelineer hits you with a spear!
* * * LOW HITPOINT WARNING * * *
You take 15 damage, and have 43/190 hp.
You now have 6/6 mp.
Your unstable footing causes you to fumble your attack.
You feel sick. Aizul hits you!
* * * LOW HITPOINT WARNING * * *
The water elemental misses you. You block the merfolk's attack.
The water nymph gestures at you while chanting.
The water swirls and strikes you!
You die...

,,P..........?≈≈≈≈≈≈≈ ≈
≈≈≈
...P.........≈≈...... ,
≈≈ ≈
.≈..$..<............# ,
, ........(..)(.......#
*** ,
,.........†(≈.≈≈.....# ≈
,...........(..≈≈....##*
* *
...........[..≈≈.....#
,, *
..≈≈≈≈...(...Emm...≈≈≈ ,
* #.≈≈≈≈.......S@≈..≈≈≈≈
≈ #.≈≈≈≈......mk...≈≈≈≈≈
≈ ≈
*...≈≈...........≈≈≈≈≈
≈≈ ≈
*..≈≈≈.......H.≈≈≈≈≈≈ ≈
.≈≈≈........≈≈≈≈≈≈ *
,≈≈........≈≈≈≈≈≈ ≈ ≈ ≈
** ..........≈≈≈≈≈≈ ≈
..........≈≈≈≈. ,≈ ≈ , ,
, , , , ,


You could see Aizul, a merfolk javelineer, a wind drake, a merfolk, a
hippogriff, a water elemental and a water nymph.

Vanquished Creatures
  Sojobo (Vaults:2)
  Nikola (Elf:1)
  A bone dragon (Vaults:2)
  A lich (Vaults:4)
  A deep elf blademaster (Elf:2)
  An Ice Fiend (IceCv)
  A sphinx (Vaults:4)
  2 tengu reavers
  5 nagarajas
  A frost giant (Vaults:4)
  A fire giant (Vaults:4)
  8 vault wardens
  2 ghouls (Vaults:4)
  A deep elf elementalist (Elf:2)
  2 entropy weavers (Vaults:4)
  15 ironheart preservers
  3 very ugly things (Vaults:4)
  6 stone giants
  5 deep elf demonologists
  2 deep elf annihilators
  A dire elephant (D:15)
  Azrael (D:15)
  A deep elf death mage (Vaults:1)
  3 fire dragons
  An ettin (Vaults:4)
  Josephine (Lair:5)
  3 great orbs of eyes
  4 yaktaur captains
  4 vault guards
  2 rakshasas
  8 hydras
  8 naga warriors
  6 ice dragons
  7 anacondas
  8 centaur warriors
  A queen ant (Lair:3)
  The ghost of rb the Basher, a novice MiBe of Trog (D:9)
  23 dancing weapons
  16 ogre magi
  3 death knights (Vaults:4)
  50 two-headed ogres
  2 orc high priests
  3 shock serpents
  7 naga sharpshooters
  20 deep elf knights
  3 shadow wraiths
  An unseen horror (shapeshifter) (Vaults:4)
  2 unseen horrors (Vaults:1)
  A salamander mystic (Snake:4)
  4 deep trolls (Vaults:1)
  4 skeletal warriors
  A sea snake (Shoals:1)
  The ghost of Belltower the Blocker, a novice FoAs of Dithmenos (D:7)
  3 flayed ghosts
  2 glowing orange brains (Vaults:3)
  10 wizards
  13 deep elf archers
  8 naga ritualists
  A swamp dragon (Lair:6)
  7 orc knights
  7 ironbrand convokers
  10 mana vipers
  A sphinx zombie (Vaults:4)
  6 harpies (Vaults:4)
  2 phantasmal warriors (Vaults:4)
  Pikel (D:6)
  57 deep elf magi
  A necromancer (Vaults:4)
  18 ugly things
  A stone giant zombie (Vaults:4)
  6 wolf spiders
  A human zombie (Vaults:4)
  5 salamanders
  9 cyclopes
  A merfolk siren (Shoals:1)
  3 elephants (Lair:6)
  4 manticores
  22 naga magi
  21 black mambas
  5 toenail golems (Volcano)
  13 vault sentinels
  2 ice statues (IceCv)
  3 gargoyles
  A titan simulacrum (Vaults:4)
  5 guardian serpents
  4 centaur skeletons
  6 spiny frogs
  4 rime drakes (Lair:6)
  9 komodo dragons
  A rime drake (shapeshifter) (Vaults:1)
  5 freezing wraiths
  12 ice devils (IceCv)
  29 yaktaurs
  A wind drake (shapeshifter) (Vaults:1)
  3 trolls
  2 polar bears
  11 hippogriffs
  A hornet (Vaults:3)
  A snapping turtle (Lair:3)
  8 blink frogs
  24 slime creatures
  13 dream sheep
  2 air elementals
  A shadow (D:14)
  2 yaks (shapeshifter)
  4 hogs (Snake:2)
  4 wraiths
  5 redbacks (Vaults:4)
  A water elemental (Elf:2)
  6 wyverns
  A basilisk (shapeshifter) (Vaults:3)
  32 yaks
  A vampire (D:13)
  2 basilisks
  7 fire elementals
  A golden eye (shapeshifter) (Vaults:4)
  A steam dragon (Lair:6)
  5 wargs
  5 vampire mosquitoes
  2 hungry ghosts
  48 nagas
  6 soldier ants (Lair:3)
  An acid dragon (D:15)
  A soldier ant (shapeshifter) (Vaults:3)
  3 hell hounds (D:15)
  10 porcupines
  6 water moccasins
  A deep troll skeleton (Vaults:4)
  21 orc warriors
  An eye of draining (shapeshifter) (Vaults:4)
  6 ice beasts
  3 slaves (D:6)
  3 black bears (D:8)
  2 eyes of draining
  7 sky beasts
  2 swamp drakes (Lair:6)
  A necrophage (D:11)
  60 ogres
  A sky beast (shapeshifter) (Vaults:4)
  3 phantoms
  7 boggarts
  20 wolves
  19 centaurs
  19 crocodiles
  Blork the orc (D:6)
  5 big kobolds
  A bullfrog (shapeshifter) (D:15)
  16 bullfrogs
  A gnoll sergeant (D:13)
  2 hornet simulacra
  2 wyvern skeletons
  2 scorpions
  19 killer bees
  A water moccasin skeleton (D:11)
  12 wights
  2 howler monkeys
  6 electric eels
  4 crimson imps
  8 centaur zombies
  2 quasits
  4 hounds
  3 jellies
  16 orc priests
  3 bullfrog skeletons
  Jessica (D:3)
  10 orc wizards
  7 iguanas
  35 worker ants
  A bullfrog simulacrum (D:8)
  3 mummies (Ossuary)
  A worker ant zombie (D:7)
  15 gnolls
  A howler monkey zombie (D:8)
  12 adders
  A shadow imp (D:7)
  11 white imps
  10 ufetubi
  2 oozes
  5 adder skeletons
  4 worms
  4 dart slugs
  An adder simulacrum (D:8)
  4 leopard geckos
  70 orcs
  3 ball pythons
  5 giant cockroaches
  3 goblins
  7 hobgoblins
  8 jackals
  4 quokkas
  A ball python skeleton (D:4)
  5 bats
  5 frilled lizards
  2 gnoll zombies (Ossuary)
  2 goblin zombies (Ossuary)
  18 kobolds
  3 kobold zombies (Ossuary)
  A leopard gecko skeleton (D:5)
  An orc zombie (Ossuary)
  A quokka simulacrum (D:9)
  A quokka skeleton (D:5)
  5 rats
  2 crawling corpses (Vaults:1)
  9 fungi
1371 creatures vanquished.

Vanquished Creatures (collateral kills)
  An Ice Fiend (IceCv)
  Kirke (Snake:2)
  A tengu reaver (Vaults:2)
  A minotaur (Lab)
  A hydra (D:11)
  4 naga warriors
  An anaconda (Snake:1)
  Sonja (Lair:3)
  2 naga sharpshooters (Snake:2)
  A shadow wraith (Vaults:2)
  An unseen horror (Vaults:1)
  A salamander mystic (Snake:2)
  A harpy (shapeshifter) (Vaults:1)
  2 mana vipers
  An ironbrand convoker (Vaults:1)
  A salamander (Snake:1)
  A vault sentinel (Vaults:2)
  3 black mambas
  3 naga magi
  An ice devil (IceCv)
  A hog (Snake:2)
  A wraith (Lair:5)
  3 basilisks
  A water moccasin (Lair:6)
  5 nagas
  A porcupine (Lair:3)
  An orc warrior (Vaults:1)
  A centaur (D:11)
  An ufetubus (Vaults:1)
  A fungus (Lair:3)
45 creatures vanquished.

Vanquished Creatures (others)
  A yaktaur captain (Vaults:3)
  2 naga warriors (Snake:4)
  3 naga sharpshooters
  A deep elf knight (Vaults:1)
  A deep elf archer (Vaults:1)
  A naga mage (Snake:3)
  A yaktaur (Vaults:3)
  A human (Snake:2)
  A naga (Snake:3)
  4 centaurs
  A white imp (IceCv)
  3 ufetubi (IceCv)
  3 fungi
  2 plants
25 creatures vanquished.

Grand Total: 1441 creatures vanquished

Notes
Turn   | Place    | Note
-------+----------+-------------------------------------------
     0 | D:1      | sollaires the Deep Dwarf Fighter began the quest for the Orb.
     0 | D:1      | Reached XP level 1. HP: 20/20 MP: 1/1
   167 | D:1      | Reached XP level 2. HP: 27/27 MP: 2/2
   232 | D:1      | Reached skill level 3 in Axes
   250 | D:1      | Reached skill level 3 in Fighting
   655 | D:1      | Reached XP level 3. HP: 31/34 MP: 3/3
   659 | D:1      | You fall through a shaft!
   859 | D:2      | Reached skill level 4 in Axes
   897 | D:2      | Reached XP level 4. HP: 30/42 MP: 4/4
  1071 | D:2      | Found an ornate altar of the Wu Jian Council.
  1457 | D:3      | Found a transporter.
  1527 | D:3      | Found a transporter.
  1539 | D:3      | Noticed Jessica
  1587 | D:3      | Killed Jessica
  1700 | D:3      | Found a sparkling altar of Nemelex Xobeh.
  1700 | D:3      | Found a shimmering altar of Xom.
  1701 | D:3      | Found an ancient bone altar of Kikubaaqudgha.
  1732 | D:3      | Reached XP level 5. HP: 41/49 MP: 5/5
  1845 | D:3      | Reached skill level 5 in Axes
  2129 | D:4      | Found a white marble altar of Elyvilon.
  2439 | D:4      | Reached skill level 4 in Fighting
  2469 | D:4      | Reached XP level 6. HP: 32/57 MP: 6/6
  2813 | D:4      | Reached skill level 6 in Axes
  2871 | D:4      | Reached skill level 7 in Axes
  2871 | D:4      | Reached XP level 7. HP: 51/66 MP: 7/7
  2924 | D:5      | Entered Level 5 of the Dungeon
  3043 | D:5      | Reached skill level 5 in Fighting
  3126 | D:5      | Found an iron altar of Okawaru.
  3139 | D:5      | Reached skill level 8 in Axes
  3821 | D:6      | Reached XP level 8. HP: 75/75 MP: 5/5
  3922 | D:6      | Reached skill level 9 in Axes
  4115 | D:6      | Noticed Pikel
  4133 | D:6      | Killed Pikel
  4133 | D:6      | Reached skill level 6 in Fighting
  4133 | D:6      | Reached skill level 10 in Axes
  4174 | D:6      | Noticed Blork the orc
  4181 | D:6      | Killed Blork the orc
  4239 | D:6      | Found a staircase to the Ecumenical Temple.
  4250 | Temple   | Entered the Ecumenical Temple
  4263 | Temple   | Became a worshipper of Makhleb the Destroyer
  4607 | D:7      | Gained mutation: You passively map the area around you. [Deep Dwarf growth]
  4607 | D:7      | Reached XP level 9. HP: 68/85 MP: 6/6
  4650 | D:7      | Reached skill level 7 in Fighting
  4650 | D:7      | Reached skill level 11 in Axes
  4660 | D:7      | Noticed Belltower's ghost (novice FoAs)
  4678 | D:7      | Killed Belltower's ghost
  4680 | D:7      | Found an iron altar of Okawaru.
  4697 | D:7      | Found a sand-covered staircase.
  4704 | Ossuary  | Entered an ossuary
  4762 | Ossuary  | Reached * piety under Makhleb
  4956 | D:7      | Reached skill level 12 in Axes
  5456 | D:8      | Found a glowing golden altar of the Shining One.
  5524 | D:8      | Reached ** piety under Makhleb
  5566 | D:8      | Reached skill level 8 in Fighting
  5566 | D:8      | Reached skill level 1 in Invocations
  5587 | D:8      | Found a staircase to the Lair.
  5607 | D:8      | Reached skill level 2 in Invocations
  5607 | D:8      | Reached XP level 10. HP: 96/96 MP: 8/8
  5646 | D:8      | Found a snail-covered altar of Cheibriados.
  5726 | D:8      | Reached skill level 3 in Invocations
  5772 | D:8      | Reached skill level 13 in Axes
  5841 | D:8      | HP: 23/98 [electric eel/bolt of electricity (10)]
  5853 | D:8      | Reached skill level 4 in Invocations
  6040 | D:8      | Reached *** piety under Makhleb
  6065 | D:8      | Reached skill level 5 in Invocations
  6567 | D:9      | HP: 22/98 [centaur/arrow (8)]
  6578 | D:9      | Noticed rb's ghost (novice MiBe)
  6604 | Lair:1   | Entered Level 1 of the Lair of Beasts
  6645 | Lair:1   | HP: 16/98 [komodo dragon (17)]
  6655 | Lair:1   | HP: 23/98 [komodo dragon (9)]
  6659 | Lair:1   | Reached skill level 9 in Fighting
  6686 | D:8      | Reached skill level 6 in Invocations
  6781 | D:9      | Reached skill level 14 in Axes
  6920 | D:9      | Found a deep blue altar of Sif Muna.
  6973 | D:9      | Reached XP level 11. HP: 61/106 MP: 5/5
  6982 | D:9      | Killed rb's ghost
  7080 | D:9      | Got an ichor-stained hat
  7261 | D:9      | Identified the +2 hat of Qeocerchum {rElec rF++} (You found it on level 9 of the Dungeon)
  7362 | Lair:1   | Reached skill level 7 in Invocations
  7385 | Lair:1   | Reached **** piety under Makhleb
  8098 | Lair:2   | Reached skill level 4 in Armour
  8141 | Lair:2   | Reached skill level 4 in Shields
  8158 | Lair:2   | HP: 25/106 [poisoned by a black mamba]
  8363 | Lair:2   | Reached skill level 8 in Invocations
  8412 | Lair:2   | Reached skill level 15 in Axes
  8768 | Lair:3   | Got a spiked leather armour
  8780 | Lair:3   | Found a labyrinth entrance.
  8802 | Lair:3   | Identified the +2 leather armour of Wemet {Dex+4} (You found it on level 3 of the Lair of Beasts)
  8806 | Lab      | Entered a labyrinth
  9103 | Lab      | Noticed a minotaur
  9129 | Lab      | Killed a minotaur
  9129 | Lab      | Reached skill level 5 in Armour
  9129 | Lab      | Reached skill level 5 in Shields
  9139 | Lab      | Got a twitching pewter ring
  9139 | Lab      | Got an ancient ivory ring
  9143 | Lab      | Identified the ring "Wuitsis" {+Inv rF+ Str+8 Dex-4 Stlth+} (You found it in a labyrinth)
  9179 | Lair:3   | Identified the ring "Son Vanee" {*Contam rF+ rC+++ rN+ Dex+2} (You found it in a labyrinth)
  9256 | Lair:3   | Noticed Sonja
  9271 | Lair:3   | Killed Sonja
  9285 | Lair:3   | Found a staircase to the Shoals.
  9290 | Lair:3   | HP: 15/106 [snapping turtle (12)]
  9403 | Lair:3   | Found a staircase to the Snake Pit.
  9475 | Lair:3   | Reached XP level 12. HP: 114/114 MP: 6/6
  9781 | Lair:3   | Noticed a queen ant
  9799 | Lair:3   | Killed a queen ant
  9799 | Lair:3   | Reached skill level 9 in Invocations
 10066 | Lair:4   | Reached ***** piety under Makhleb
 10087 | Lair:4   | Reached skill level 6 in Armour
 10087 | Lair:4   | Reached skill level 6 in Shields
 10275 | Lair:4   | Reached skill level 16 in Axes
 10458 | Lair:4   | Noticed a six-headed hydra
 10472 | Lair:4   | Killed an eight-headed hydra
 10472 | Lair:4   | Reached skill level 10 in Invocations
 10547 | Lair:4   | Reached skill level 7 in Armour
 10547 | Lair:4   | Reached skill level 7 in Shields
 10745 | Lair:4   | You fall through a shaft!
 10851 | Lair:5   | Found a runed door.
 10851 | Lair:5   | Found a viscous altar of Jiyva.
 10851 | Lair:5   | Found a staircase to the Slime Pits.
 10904 | Lair:5   | Found a dark tunnel.
 10912 | Volcano  | Entered a volcano
 10944 | Volcano  | Reached skill level 8 in Armour
 10944 | Volcano  | Reached skill level 8 in Shields
 10944 | Volcano  | Reached skill level 11 in Invocations
 11011 | Volcano  | Reached XP level 13. HP: 116/121 MP: 9/9
 11396 | Lair:5   | Noticed Josephine
 11407 | Lair:5   | Killed Josephine
 11631 | Lair:5   | Reached skill level 9 in Armour
 11631 | Lair:5   | Reached skill level 9 in Shields
 11643 | Lair:5   | Learned a level 2 spell: Blink
 11774 | Lair:6   | Entered Level 6 of the Lair of Beasts
 11972 | Lair:6   | Noticed a fire dragon
 11998 | Lair:6   | Killed a fire dragon
 12087 | Lair:6   | Reached skill level 17 in Axes
 12431 | Lair:6   | Identified Idirekere's Compendium of Protection and Earth
 12656 | D:10     | Entered Level 10 of the Dungeon
 12661 | D:10     | Identified a scroll of acquirement
 12662 | D:10     | Got a faintly humming helmet
 12673 | D:10     | Identified the +2 helmet "Rolimy" {Str+8 Int-3 Dex+5 Stlth-} (You acquired it on level 10 of the Dungeon)
 12786 | D:10     | Got a bloodstained chain mail
 12927 | D:10     | Reached ****** piety under Makhleb
 13215 | D:10     | Identified the +2 chain mail of Disaster {*Slow MR+ Dex+4 SInv} (You found it on level 10 of the Dungeon)
 13224 | D:10     | Learned a level 1 spell: Infusion
 13227 | D:10     | Learned a level 2 spell: Shroud of Golubria
 13315 | D:11     | Reached skill level 18 in Axes
 13458 | D:11     | Found a staircase to the Orcish Mines.
 13531 | D:11     | Got a faintly glowing whip
 13546 | D:11     | Gained mutation: You resist negative energy. (rN+) [Deep Dwarf growth]
 13546 | D:11     | Reached XP level 14. HP: 114/129 MP: 10/10
 14078 | Orc:1    | Entered Level 1 of the Orcish Mines
 14478 | Orc:2    | Entered Level 2 of the Orcish Mines
 14532 | Orc:2    | Noticed a stone giant
 14553 | Orc:2    | Killed a stone giant
 14553 | Orc:2    | Reached skill level 19 in Axes
 14635 | Orc:2    | Found Exoeleen's General Store.
 14635 | Orc:2    | Found Weifyrol's Gadget Shop.
 14636 | Orc:2    | Found Xylatax's Antique Armour Boutique.
 14636 | Orc:2    | Found Cioso's Gadget Shoppe.
 14648 | Orc:2    | Reached skill level 20 in Axes
 14664 | Orc:2    | Reached skill level 1 in Evocations
 14669 | Orc:2    | Reached skill level 1 in Translocations
 14692 | Orc:2    | Bought an encrusted plate armour for 868 gold pieces
 14693 | Orc:2    | Bought a scroll of identify for 28 gold pieces
 14805 | Orc:2    | Identified the +3 plate armour of Vanity {rF+} (You bought it in a shop on level 2 of the Orcish Mines)
 14834 | Orc:2    | Found a staircase to the Elven Halls.
 14851 | Orc:2    | Found a roughly hewn altar of Beogh.
 14866 | Orc:2    | Found Tuokkoir's Assorted Antiques.
 14869 | Orc:2    | Noticed a stone giant
 14880 | Orc:2    | HP: 9/129 [stone giant (26)]
 14886 | Orc:2    | Killed a stone giant
 14886 | Orc:2    | Reached skill level 2 in Evocations
 15167 | Orc:1    | Reached skill level 2 in Translocations
 15526 | D:12     | Reached skill level 3 in Evocations
 15768 | D:12     | Reached XP level 15. HP: 138/138 MP: 8/11
 16162 | D:13     | Reached skill level 3 in Translocations
 16542 | D:13     | Reached skill level 4 in Evocations
 17433 | D:14     | Reached skill level 10 in Fighting
 17567 | D:14     | Found a blossoming altar of Fedhas.
 17683 | D:14     | Reached skill level 4 in Translocations
 17736 | D:14     | Found a gate to the Vaults.
 17755 | D:14     | Reached skill level 10 in Shields
 17808 | D:14     | Reached skill level 5 in Evocations
 17861 | D:15     | Entered Level 15 of the Dungeon
 17874 | D:15     | Reached skill level 10 in Armour
 17885 | D:15     | Found a flickering gateway to a bazaar.
 17902 | Bazaar   | Entered a bazaar
 17906 | Bazaar   | Found Nirex's Jewellery Boutique.
 17924 | Bazaar   | Found Huwaton's Antique Weapon Emporium.
 17942 | Bazaar   | Found Gamozyh's Book Boutique.
 17960 | Bazaar   | Found Naipnaps's Antique Armour Shoppe.
 17982 | Bazaar   | Bought an agate-encrusted scale mail for 180 gold pieces
 17982 | Bazaar   | Bought a glowing plate armour for 520 gold pieces
 18027 | Bazaar   | Bought a +3 amulet of reflection for 125 gold pieces
 18027 | Bazaar   | Bought an uncursed ring of poison resistance for 160 gold pieces
 18027 | Bazaar   | Bought an uncursed ring of positive energy for 160 gold pieces
 18034 | Bazaar   | Identified the cursed +0 scale mail of the Inquisitive Orbs {+Fly MP-9 Int+5 Dex+2} (You bought it in a shop in a bazaar)
 18138 | D:15     | Noticed Azrael
 18195 | D:15     | Killed Azrael
 18387 | D:15     | Found a staircase to the Depths.
 18657 | D:15     | Learned a level 2 spell: Song of Slaying
 18886 | Snake:1  | Entered Level 1 of the Snake Pit
 18888 | Snake:1  | Noticed a nagaraja
 18904 | Snake:1  | Reached skill level 5 in Translocations
 18904 | Snake:1  | Reached skill level 6 in Evocations
 18914 | Snake:1  | Killed a nagaraja
 19128 | Snake:1  | Found Pyiluurr's Magic Scroll Emporium.
 19132 | Snake:1  | Bought a scroll of enchant weapon for 120 gold pieces
 19132 | Snake:1  | Bought a scroll of identify for 32 gold pieces
 19132 | Snake:1  | Bought a scroll of brand weapon for 320 gold pieces
 19132 | Snake:1  | Bought a scroll of enchant armour for 120 gold pieces
 19132 | Snake:1  | Bought a scroll of identify for 32 gold pieces
 19641 | Snake:2  | Found a hide-covered altar of Uskayaw.
 19662 | Snake:2  | Reached skill level 7 in Evocations
 19669 | Snake:2  | Noticed Kirke
 19684 | Snake:2  | Killed Kirke
 19684 | Snake:2  | Reached skill level 6 in Translocations
 19684 | Snake:2  | Reached XP level 16. HP: 148/148 MP: 5/12
 19772 | Snake:2  | Found Arogitz's General Store.
 19821 | Snake:2  | Found a frozen archway.
 19836 | IceCv    | Entered an ice cave
 20030 | IceCv    | Reached skill level 11 in Armour
 20030 | IceCv    | Reached skill level 11 in Shields
 20072 | IceCv    | Noticed an Ice Fiend
 20100 | IceCv    | Killed an Ice Fiend
 20101 | IceCv    | Noticed an Ice Fiend
 20129 | IceCv    | Killed an Ice Fiend
 20457 | Snake:2  | Reached skill level 8 in Evocations
 20632 | Snake:2  | Learned a level 1 spell: Beastly Appendage
 20853 | Snake:3  | Reached skill level 11 in Fighting
 20857 | Snake:3  | Reached skill level 7 in Translocations
 21163 | Snake:4  | Entered Level 4 of the Snake Pit
 21422 | Snake:4  | Found Fabbotin's Antique Weapon Boutique.
 21558 | Snake:4  | Reached skill level 9 in Evocations
 21639 | Snake:4  | Reached skill level 12 in Shields
 21655 | Snake:4  | Reached skill level 21 in Axes
 21672 | Snake:4  | Reached skill level 8 in Translocations
 21675 | Snake:4  | Reached XP level 17. HP: 157/157 MP: 9/9
 21759 | Snake:4  | Found Vonoiw's Jewellery Boutique.
 21778 | Snake:4  | Reached skill level 12 in Armour
 21939 | Snake:4  | Got a serpentine rune of Zot
 22661 | Vaults:1 | Entered Level 1 of the Vaults
 22971 | Vaults:1 | Reached skill level 10 in Evocations
 23099 | Vaults:1 | Reached skill level 13 in Shields
 23835 | Vaults:1 | Reached skill level 9 in Translocations
 24388 | Vaults:2 | Found a flickering gateway to a bazaar.
 24412 | Bazaar   | Entered a bazaar
 24412 | Bazaar   | Found Cioxuec's Antique Armour Shop.
 24412 | Bazaar   | Found Redgho Oxzi's General Store.
 24429 | Bazaar   | Found Vuiqugh's Distillery.
 24440 | Bazaar   | Found Tibriet's Gadget Boutique.
 24448 | Bazaar   | Found Aluon's Antique Weapon Boutique.
 24495 | Bazaar   | Bought a potion of haste for 150 gold pieces
 24495 | Bazaar   | Bought a potion of haste for 150 gold pieces
 24495 | Bazaar   | Bought a potion of heal wounds for 75 gold pieces
 24495 | Bazaar   | Bought a potion of heal wounds for 75 gold pieces
 24506 | Bazaar   | Bought a scroll of enchant weapon for 105 gold pieces
 24506 | Bazaar   | Bought a scroll of magic mapping for 49 gold pieces
 24674 | Vaults:2 | Noticed Mennas
 24728 | Vaults:2 | Noticed Sojobo
 24729 | Vaults:2 | HP: 38/159 [tengu reaver/war axe[Sojobo] (13)]
 24745 | Vaults:2 | Killed Sojobo
 24745 | Vaults:2 | Reached skill level 12 in Fighting
 24767 | Vaults:2 | Reached skill level 11 in Evocations
 24783 | Vaults:2 | Gained mutation: You passively map a large area around you. [Deep Dwarf growth]
 24783 | Vaults:2 | Reached XP level 18. HP: 159/168 MP: 7/7
 24902 | Vaults:3 | Reached skill level 14 in Shields
 25195 | Vaults:3 | Reached skill level 13 in Armour
 25247 | Vaults:3 | Reached skill level 10 in Translocations
 25460 | Vaults:3 | Found Oxeak's Distillery.
 25564 | Vaults:3 | Found Bewed's Assorted Antiques.
 25681 | Vaults:3 | Reached skill level 12 in Evocations
 25957 | Vaults:3 | Reached skill level 15 in Shields
 26316 | Vaults:4 | Noticed a lich
 26318 | Vaults:4 | Paralysed by a lich for 3 turns
 26333 | Vaults:4 | Killed a lich
 26532 | Vaults:4 | Reached skill level 11 in Translocations
 26567 | Vaults:4 | Reached XP level 19. HP: 177/177 MP: 9/9
 26655 | Vaults:4 | Reached skill level 13 in Evocations
 26659 | Vaults:4 | Reached skill level 13 in Fighting
 26667 | Vaults:4 | Reached skill level 14 in Armour
 27136 | Vaults:4 | Reached skill level 12 in Translocations
 27213 | Vaults:4 | Reached skill level 14 in Evocations
 27349 | Vaults:4 | Found Pyitaf's Distillery.
 27575 | Vaults:2 | Found a staircase to the Crypt.
 27575 | Vaults:2 | Noticed a bone dragon
 27602 | Vaults:2 | Killed a bone dragon
 27963 | Vaults:2 | Reached skill level 15 in Armour
 28116 | D:14     | Got a pair of smoking boots
 28117 | D:14     | Identified the +1 pair of boots "Onyap" {rN+ Int+2 Slay+2} (You acquired it on level 14 of the Dungeon)
 28347 | Elf:1    | Entered Level 1 of the Elven Halls
 28368 | Elf:1    | Reached XP level 20. HP: 111/189 MP: 8/10
 28437 | Elf:1    | Identified Illuju's Guide on Summoning
 28549 | Elf:1    | Reached skill level 1 in Dodging
 28631 | Elf:1    | Reached skill level 1 in Transmutations
 28633 | Elf:1    | Reached skill level 1 in Charms
 28637 | Elf:1    | Reached skill level 1 in Spellcasting
 28639 | Elf:1    | Reached skill level 14 in Fighting
 28726 | Elf:1    | Noticed Nikola
 28740 | Elf:1    | Killed Nikola
 28740 | Elf:1    | Reached skill level 13 in Translocations
 29067 | Elf:1    | Found Hasikuk's Weapon Emporium.
 29155 | Elf:2    | Reached skill level 2 in Dodging
 29188 | Elf:2    | Reached skill level 2 in Charms
 29188 | Elf:2    | Reached skill level 2 in Transmutations
 29245 | Elf:2    | Found a runed gate.
 29245 | Elf:2    | Found a runed gate.
 29489 | Elf:2    | Found a runed gate.
 29509 | Elf:2    | Reached skill level 2 in Spellcasting
 29579 | Elf:2    | Learned a level 8 spell: Controlled Blink
 29666 | Elf:2    | Reached skill level 3 in Dodging
 29842 | Elf:2    | Reached skill level 3 in Transmutations
 29877 | Elf:2    | Reached skill level 3 in Charms
 30010 | Elf:2    | Gained mutation: You are clumsy. (Dex -2) [a Zot trap]
 30384 | Shoals:1 | Entered Level 1 of the Shoals
 30384 | Shoals:1 | Noticed Aizul
 30405 | Shoals:1 | HP: 45/190 [water elemental (5)]
 30411 | Shoals:1 | HP: 39/190 [merfolk javelineer/javelin (16)]
 30414 | Shoals:1 | Killed from afar by a water nymph

Skill      XL: |  1  2  3  4  5  6  7  8  9 10 11 12 13 14 15 16 17 18 19 20 |
---------------+-------------------------------------------------------------+-----
Axes           | 3 4 5 7 8 10 12 14 15 16 18 20 21 | 21.5
Fighting       | 3 4 5 6 8 9 10 11 12 13 14 | 14.2
Invocations    | 2 6 8 11 | 11.8
Armour         | 5 8 9 10 11 12 13 15 | 15.5
Shields        | 5 8 9 10 12 13 15 | 15.0
Evocations     | 3 7 9 11 12 14 | 14.7
Translocations | 2 6 8 9 11 12 13 | 13.3
Dodging        | 3 |  3.8
Transmutations | 3 |  3.2
Charms         | 3 |  3.1
Spellcasting   | 2 |  2.8
Maces & Flails | |  0.2

Action                   |  1- 3 |  4- 6 |  7- 9 | 10-12 | 13-15 | 16-18 | 19-21 || total
-------------------------+-------+-------+-------+-------+-------+-------+-------++-------
Melee: War axe           |    92 |   188 |   364 |   821 |  1412 |  1517 |       ||  4394
       Flail             |       |       |       |       |    10 |       |       ||    10
       Battleaxe         |       |       |       |       |       |   233 |   793 ||  1026
       Executioner's axe |       |       |       |       |       |       |    15 ||    15
 Cast: Blink             |       |       |       |       |       |       |     3 ||     3
       Shroud of Golubri |       |       |       |       |       |       |     2 ||     2
Invok: Minor Destruction |       |       |       |     4 |       |       |       ||     4
       Lesser Servant of |       |       |       |     3 |     8 |     9 |     1 ||    21
       Major Destruction |       |       |       |     6 |    33 |       |       ||    39
       Greater Servant o |       |       |       |       |     2 |     3 |       ||     5
 Abil: Heal Wounds       |       |     3 |     3 |    31 |     4 |    18 |    16 ||    75
Evoke: Lightning rod     |       |       |       |       |       |     6 |       ||     6
  Use: Scroll            |       |     4 |    10 |    11 |    19 |    12 |    22 ||    78
       Potion            |       |     1 |       |     1 |     6 |    10 |     3 ||    21
 Stab: Distracted        |       |       |       |     1 |     5 |     9 |     2 ||    17
  Eat: Chunk             |       |     3 |     1 |     6 |     6 |     2 |     2 ||    20
       Ration            |       |     1 |     4 |     5 |    10 |     7 |     3 ||    30
Armor: Scale mail        |    38 |    85 |    72 |   183 |       |       |       ||   378
       Ring mail         |       |       |    13 |     8 |       |       |       ||    21
       Plate armour      |       |       |       |   129 |   560 |   896 |   642 ||  2227
Dodge: Dodged            |    26 |    41 |    92 |   205 |   256 |   341 |   249 ||  1210
Block: Shield            |    43 |    99 |   160 |   414 |   967 |  1271 |       ||  2954
       Reflection        |       |       |       |       |    15 |   142 |    11 ||   168
       Other             |       |       |       |       |       |    14 |    76 ||    90

Vault maps used:
D:1:      dpeg_arrival_renting, minivault_27
D:2:      lemuel_coloured_pillars_altar
D:3:      gammafunk_steamed_eel, gammafunk_temple_overflow_claw,
          grunt_ministairs_14, uniq_jessica
D:4:      elyvilon_altar_4, first_ration, minmay_curled_crystal
D:5:      nicolae_overflow_crystal_walls
D:6:      temple_hall, uniq_blork_the_orc, uniq_pikel
D:7:      nicolae_ossuary_entry_plus, basic_altar
D:8:      tso_metal_star, cheibriados_altar_1, minmay_lair_entry_grove,
          serial_ice, serial_ice_j, serial_ice_c, serial_ice_d, serial_ice_a,
          serial_ice_b, serial_ice_m, serial_ice_g, serial_ice_n
D:9:      lemuel_crystal_altar, serial_ice, serial_ice_l, serial_ice_b,
          serial_ice_g, serial_ice_e
D:11:     david_orc_1_choice, hangedman_ranch
D:14:     david_vaults_5, fedhas_altar_4
D:15:     hangedman_depths_entry_try_elsewhere_first, serial_bayou_pond_e,
          serial_shops, bzr_entry_gold, spider_trap, unseen_surprise_small,
          uniq_azrael
Temple:   dshaligram_water_room_temple
Lair:1:   st_stairs_11, beast_lair_carwin_9
Lair:2:   grunt_megastairs_3
Lair:3:   minmay_shoals_entry_hut, minmay_snake_entry_spellcaster,
          lab_entry_generic, zaba_antful_of_joy, grunt_megastairs_5,
          infiniplex_staircase_pool_2, uniq_sonja
Lair:5:   slime_altar_2, lightli_volcano_entry_magma_tube, uniq_josephine
Lair:6:   guppyfry_lair_end_dragon, lemuel_fruit_tree
Shoals:1: st_sunken_huts, uniq_aizul
Snake:1:  serial_shops, shop, serial_bayou_shore_b
Snake:2:  portal_ice_cave_entry_pillars_2, lemuel_oklob_altar, minmay_shop_star,
          uniq_kirke
Snake:3:  basic_stair_grate_trap
Snake:4:  snake_pit, serial_shops, shop,
          nicolae_shop_competitors_out_of_business, serial_bayou_shore_b
Orc:2:    st_orc_ogre_mass, serial_shops, shop, basic_altar
Elf:1:    serial_shops, nicolae_shop_behind_doors, minmay_elf_demonology,
          uniq_nikola
Elf:2:    billiards_dpeg
Vaults:1: v_alt_pattern_2, hangedman_vaults_restitches,
          hangedman_vaults_corner_blocks, grunt_vaults_funnel, serial_ice_m,
          ontoclasm_vaults_misaligned, nicolae_vaults_little_squares_1,
          v_misc_27, vaults_room_fours, ontoclasm_vaults_fault,
          nicolae_vaults_little_squares_4, dpeg_vaults_monster_box
Vaults:2: nicolae_vaults_border_crossing, nicolae_vaults_c_with_doors,
          nicolae_vaults_what_the_h, vaults_room_boxed, ontoclasm_vaults_tryst,
          minmay_crypt_entry_nasty_monster, serial_ice_h, v_pattern_5,
          ontoclasm_vaults_loading_screen, nicolae_vaults_mini_display_case,
          serial_shops, bzr_entry_road, uniq_mennas, uniq_sojobo
Vaults:3: hangedman_vaults_variations, nicolae_vaults_ring_of_whatevers,
          vaults_room_pools, hangedman_vaults_capsules,
          nicolae_vaults_little_squares_6, nicolae_vaults_puzzle_piece,
          vaults_room_mumra_shop_pool, vaults_room_corners,
          hangedman_vaults_slither, vaults_standard_mumra_x, serial_shops,
          nicolae_shop_statue_plus
Vaults:4: v_misc_1, v_misc_10, v_pattern_2, nicolae_vaults_network_star,
          nicolae_vaults_little_squares_4, hangedman_vaults_corner,
          v_alt_pattern_2, vaults_room_grid, nicolae_vaults_murderbox,
          ontoclasm_vaults_claustrophobia, nicolae_vaults_ring_of_whatevers,
          v_alt_pattern_4, serial_shops, shop
Lab:      labyrinth_mini_lab
Bazaar:   bazaar_jpeg_circle_common, bazaar_lake
Ossuary:  ossuary_crypta
IceCv:    ice_cave_small_demon
Volcano:  volcano_bunker

Table legend:
 A = Turns spent in this place as a percentage of turns spent in the entire game.
 B = Non-inter-level travel turns spent in this place as a percentage of non-inter-level travel turns spent in the entire game.
 C = Inter-level travel turns spent in this place as a percentage of turns spent in this place.
 D = Turns resting spent in this place as a percentage of non-inter-level travel turns spent in this place.
 E = Turns spent auto-exploring this place as a percentage of non-inter-level travel turns spent in this place.
 F = Non-inter-level travel turns spent in this place divided by the number of levels of this place that you've seen.
                   A       B       C       D       E      F
               +-------+-------+-------+-------+-------+----------------------
         Total | 100.0 | 100.0 |   7.5 |   0.1 |  57.8 | 686.5
       Dungeon |  40.4 |  39.7 |   9.1 |   0.2 |  65.3 | 744.3
        Temple |   0.3 |   0.3 |  21.5 |   0.0 |  86.3 |  73.0
          Lair |  16.1 |  16.1 |   7.4 |   0.0 |  64.5 | 754.5
        Shoals |   0.1 |   0.1 |   0.0 |   0.0 |   0.0 |  30.0
     Snake Pit |  10.2 |  10.2 |   7.9 |   0.0 |  46.2 | 717.8
  Orcish Mines |   4.4 |   3.8 |  18.7 |   0.0 |  68.6 | 539.0
   Elven Halls |   6.0 |   6.2 |   3.5 |   0.0 |  61.1 | 879.0
        Vaults |  17.6 |  18.2 |   4.0 |   0.0 |  49.1 | 1283.8
     Labyrinth |   1.1 |   1.2 |   0.0 |   0.0 |   0.0 | 339.0
        Bazaar |   0.9 |   0.9 |   0.0 |   0.0 |  46.1 | 133.5
       Ossuary |   0.6 |   0.6 |   0.0 |   0.0 |   0.0 | 180.0
      Ice Cave |   1.4 |   1.5 |   0.0 |   0.0 |   8.3 | 423.0
       Volcano |   1.0 |   1.1 |   0.0 |   0.0 |  59.7 | 300.0
               +-------+-------+-------+-------+-------+----------------------

Table legend:
 A = Kills in this place as a percentage of kills in entire the game.
 B = Kills by you in this place as a percentage of kills by you in the entire game.
 C = Kills by friends in this place as a percentage of kills by friends in the entire game.
 D = Other kills in this place as a percentage of other kills in the entire game.
 E = Experience gained in this place as a percentage of experience gained in the entire game.
 F = Experience gained in this place divided by the number of levels of this place that you have seen.
                   A       B       C       D       E      F
               +-------+-------+-------+-------+-------+----------------------
         Total | 100.0 | 100.0 | 100.0 | 100.0 | 100.0 | 13265.6
       Dungeon |  31.9 |  32.9 |   6.8 |   6.7 |  11.0 | 4000.7
          Lair |  12.3 |  12.4 |  13.6 |   0.0 |   7.0 | 6352.2
        Shoals |   0.2 |   0.2 |   0.0 |   0.0 |   0.3 | 1806.0
     Snake Pit |  12.8 |  11.1 |  54.5 |  46.7 |  16.2 | 22043.2
  Orcish Mines |   5.8 |   6.0 |   0.0 |   0.0 |   5.0 | 13514.5
   Elven Halls |   7.3 |   7.6 |   0.0 |   0.0 |  13.2 | 35976.5
        Vaults |  26.0 |  26.0 |  18.2 |  46.7 |  43.9 | 59645.5
     Labyrinth |   0.1 |   0.0 |   2.3 |   0.0 |   0.2 | 1030.0
       Ossuary |   0.8 |   0.8 |   0.0 |   0.0 |   0.0 |  62.0
      Ice Cave |   2.2 |   2.1 |   4.5 |   0.0 |   1.9 | 10401.0
       Volcano |   0.8 |   0.8 |   0.0 |   0.0 |   1.2 | 6729.0
               +-------+-------+-------+-------+-------+----------------------
